 Dungeon Crawl Stone Soup version 0.18-b1-2-gd0c887e (webtiles) character file.

16 Gargoyl the Skirmisher (level 2, 0/24 HPs)
             Began as a Demonspawn Abyssal Knight on Apr 28, 2016.
             Was a Follower of Lugonu.
             Slain by a jackal (2 damage)
             ... on level 1 of the Dungeon.
             The game lasted 00:01:15 (533 turns).

Gargoyl the Skirmisher (Demonspawn Abyssal Knight)   Turns: 533, Time: 00:01:16

Health: 0/24       AC:  3    Str: 12    XL:     2   Next: 37%
Magic:  3/3        EV: 11    Int: 13    God:    Lugonu [*.....]
Gold:   22         SH:  0    Dex: 12    Spells: 0 memorised, 1 level left

rFire  . . .     SeeInvis .     a - +1 hand axe
rCold  + . .     Gourm    .     b - +0 leather armour
rNeg   . . .     Faith    .     (no shield)
rPois  .         Spirit   .     (no helmet)
rElec  .         Dismiss  .     (no cloak)
rCorr  .         Reflect  .     (no gloves)
SustAt .         Harm     .     (no boots)
MR     .....                    (no amulet)
Stlth  +.........               (no ring)
                                (no ring)

@: not resistant to hostile enchantments, very unstealthy
A: cold resistance 1
a: Depart the Abyss, Renounce Religion


You were on level 1 of the Dungeon.
You worshipped Lugonu.
Lugonu was aware of your devotion.
You were not hungry.

You visited 1 branch of the dungeon, and saw 1 of its levels.
You visited the Abyss 1 time.

You collected 22 gold pieces.

Inventory:

Hand Weapons
 a - a +1 hand axe (weapon)
Armour
 b - a +0 leather armour (worn)
Scrolls
 d - a scroll of magic mapping {unknown}
 i - 3 scrolls of random uselessness {unknown}
 j - 2 scrolls of enchant weapon {unknown}
 k - a scroll of enchant armour {unknown}
Potions
 f - a potion of flight {unknown}
 l - a potion of curing {unknown}
Books
 g - a book of the Earth

   Spells                             Type                      Level
   a - Leda's Liquefaction            Hexes/Earth                  4
   b - Bolt of Magma                  Conjuration/Fire/Earth       5
   c - Statue Form                    Transmutation/Earth          6
   d - Iron Shot                      Conjuration/Earth            6
   e - Shatter                        Earth                        9
Miscellaneous
 e - a plain deck of wonders {drawn: 1}
 h - a phial of floods
Comestibles
 c - a bread ration


   Skills:
 + Level 3.4 Fighting
 + Level 1.8 Axes
 + Level 2.1 Armour
 + Level 0.8 Dodging
 + Level 2.6 Invocations


You had one spell level left.
You didn't know any spells.

Dungeon Overview and Level Annotations

Branches:
Dungeon (1/15)

Altars:


Innate Abilities, Weirdness & Mutations

Your flesh is cold resistant.


Message History

The jackal is heavily wounded.
The jackal closely misses you. The jackal barely misses you.
You hit the jackal.
The jackal is heavily wounded.
The jackal barely misses you. The jackal bites you.
* * * LOW HITPOINT WARNING * * *
You hit the jackal but do no damage.
The jackal is heavily wounded.
The jackal barely misses you.
You hit the jackal but do no damage.
The jackal is heavily wounded.
The jackal bites you.
* * * LOW HITPOINT WARNING * * *
The jackal bites you.
* * * LOW HITPOINT WARNING * * *
You closely miss the jackal.
The jackal is heavily wounded.
The jackal bites you but does no damage.
The jackal bites you.
You die...

# #....#.# + ....
##.#.##.# # ...# #
#..#.##.# #. ...##.
##.##.##.# ... #...(
#..##.##.#
....#.....###.........
....#...#.............
###.....#####........
.......@#####..#.#.#.
#...#.)h..##...#.#.# .
#...)†.........#.#
?...##..(..........#
### #...)............
#$..(..#.........
#......#.........
#................
#....##...###...


You could see a jackal.

Vanquished Creatures
  A giant gecko (D:1)
  A giant cockroach (D:1)
  4 goblins (D:1)
  A jackal (D:1)
  A bat (D:1)
  7 rats (D:1)
15 creatures vanquished.

Notes
Turn   | Place    | Note
--------------------------------------------------------------
     0 | Abyss:1  | Gargoyl the Demonspawn Abyssal Knight began the quest for the Orb.
     0 | Abyss:1  | Reached XP level 1. HP: 18/18 MP: 2/2
    49 | Abyss:2  | Noticed a small abomination
    54 | Abyss:2  | Noticed a small abomination
    59 | Abyss:2  | Found an iron altar of Okawaru.
    75 | Abyss:3  | Noticed a harpy skeleton
    81 | D:1      | Escaped the Abyss
   366 | D:1      | Reached * piety under Lugonu
   490 | D:1      | Gained mutation: Your flesh is cold resistant. [demonic ancestry]
   490 | D:1      | Reached XP level 2. HP: 20/24 MP: 3/3
   533 | D:1      | Slain by a jackal

Skill      XL: |  1 |
---------------+----+-----
Armour         | 2 |  2.1
Fighting       | |  3.4
Axes           | |  1.8
Dodging        | |  0.8
Invocations    | |  2.6

Action                   || total
-------------------------++-------
Melee: Hand axe          ||    35
Invok: Depart the Abyss  ||     1
Evoke: Deck              ||     1
Armor: Leather armour    ||    13
Dodge: Dodged            ||    33
